 Dungeon Crawl Stone Soup version 0.30-a0-840-ga523dec638 (webtiles) character file.

Game seed: 17562462019999061314

51 jimonade the Grave Robber (level 3, -5/24 HPs)
             Began as a Mummy Necromancer on Mar 1, 2023.
             Killed by divine providence
             ... invoked by an orc priest
              (15 damage)
             ... on level 3 of the Dungeon.
             The game lasted 00:03:06 (1456 turns).

jimonade the Grave Robber (Mummy Necromancer)       Turns: 1456, Time: 00:03:06

Health: -5/24      AC:  4    Str: 13    XL:     3   Next: 57%
Magic:  7/7        EV: 11    Int: 14    God:
Gold:   96         SH:  0    Dex: 12    Spells: 3/7 levels left

rFire   x . .      SeeInvis .    a - +1 mace
rCold   + . .      Faith    +    (no shield)
rNeg    + + +      Spirit   .    i - +0 leather armour
rPois   ∞          Reflect  .    (no helmet)
rElec   .          Harm     .    (no cloak)
rCorr   .          Rampage  .    h - +0 pair of gloves
Will    .....                    (no boots)
Stlth   +                        (no amulet)
HPRegen 0.24/turn                (no ring)
MPRegen 0.10/turn                (no ring)

@: no status effects
A: cold resistance 1, negative energy resistance 3, torment resistance 2, heat
vulnerability 1, in touch with death 1, no potions, faith
a: no special abilities


You were on level 3 of the Dungeon.
You visited 1 branch of the dungeon, and saw 3 of its levels.

You collected 96 gold pieces.

Inventory:

Hand Weapons
 a - a +1 mace (weapon)
 e - a +0 dagger
 f - a +0 short sword
 n - a +0 long sword
Armour
 b - a +0 robe
 g - a +0 ring mail
 h - a +0 pair of gloves (worn)
 i - a +0 leather armour (worn)
Jewellery
 l - a ring of protection from cold
Scrolls
 c - a scroll of vulnerability {unknown}
 d - a scroll of poison {unknown}
 j - a scroll of identify {unknown}
 k - a scroll of silence {unknown}
 m - a scroll of teleportation {unknown}
 o - a scroll of blinking {unknown}


   Skills:
 + Level 0.2 Fighting
 + Level 0.8 Maces & Flails
 + Level 0.5 Armour
 + Level 1.6 Dodging
 + Level 1.5 Stealth
 + Level 2.9 Spellcasting
 * Level 4.8 Necromancy


You had 3 spell levels left.
You knew the following spells:

 Your Spells              Type           Power      Damage    Failure   Level
a - Necrotise             Necr           92%        1d8       3%          1
b - Vampiric Draining     Necr           23%        2d7       11%         3

Your spell library contained the following spells:

 Spells                   Type           Power      Damage    Failure   Level
 Animate Dead             Necr           23%        N/A       36%         4
 Agony                    Necr           23%        N/A       71%         5


Dungeon Overview and Level Annotations

Branches:
Dungeon (3/15)

Altars:

Annotations:
D:1 Sigmund


Innate Abilities, Weirdness & Mutations

You are immune to poison.
Your flesh is cold resistant. (rC+)
You are immune to negative energy. (rN+++)
You are immune to unholy pain and torment.
You are vulnerable to heat. (rF-)
You are in touch with the powers of death.
You do not drink.
You have a special connection with the divine. (Faith)


Message History

You see here a +0 long sword.
n - a +0 long sword You see here a +0 dagger.
Found a fizzy blue potion.
Found a stone staircase leading down.
Found 4 stones.
Found a plate armour.
A giant cockroach comes into view.
Found 3 stones.
You see here a scroll labelled FOMORH RUOSERA.
o - a scroll labelled FOMORH RUOSERA
Found a yellow potion.
The giant cockroach bites you but does no damage.
The giant cockroach misses you.
You hit the giant cockroach.
You kill the giant cockroach!
No target in view!
No target in view!
You open the door.
An orc priest comes into view. It is wielding a +0 short sword.
An orc comes into view. It is wielding a +0 hand axe.
There is an open door here.
The orc shouts!
There is an open door here.
An orc priest comes into view. It is wielding a +0 whip.
The orc priest shouts!
The orc priest barely misses you.
You hit the orc priest.
The orc priest is lightly wounded.
The orc priest hits you with a +0 short sword.
You sock the orc priest!
The orc priest is severely wounded.
An orc comes into view. It is wielding a +0 dagger.
The orc priest hits you with a +0 short sword. x2
You closely miss the orc priest.
The orc priest is severely wounded.
The orc shouts!
The orc priest calls down the wrath of Beogh upon you.
Beogh smites you!
Ouch! That really hurt!
You die...

###### #....# #...!#
### #....# (....
########....#####.....[
#......#...............
#......#@.(...........
#.....oo.......>......
#..o...#...........#
#....o.#....†......#
#......###.........#
............!.......+
#.#......###.........#
# ######## #######...#
##..#


You could see 2 orc priests and 2 orcs.

Vanquished Creatures
  An adder (D:2)
  A worm (D:2)
  3 dart slugs
  3 ball pythons
  2 endoplasms
  3 giant cockroaches
  A hobgoblin (D:2)
  4 kobolds
  A quokka (D:1)
  6 bats
  2 frilled lizards (D:1)
  A goblin (D:1)
  4 rats
32 creatures vanquished.

Vanquished Creatures (collateral kills)
  A ball python (D:1)
  A rat (D:1)
2 creatures vanquished.

Grand Total: 34 creatures vanquished

Notes
Turn   | Place    | Note
-------+----------+-------------------------------------------
     0 | D:1      | jimonade the Mummy Necromancer began the quest for the Orb.
     0 | D:1      | Reached XP level 1. HP: 13/13 MP: 4/4
   277 | D:1      | Reached XP level 2. HP: 19/19 MP: 3/5
   752 | D:2      | Noticed Sigmund
   841 | D:2      | Gained mutation: You are in touch with the powers of death.
                  | [Mummy growth]
   841 | D:2      | Reached XP level 3. HP: 10/24 MP: 7/7
  1340 | D:2      | Learned a level 3 spell: Vampiric Draining
  1456 | D:3      | Killed from afar by an orc priest

Illustrated notes

Levels and vault maps discovered:
D:1:      ncdulo_watergridlock, layout_basic
D:2:      layout_rooms, uniq_sigmund
D:3:      layout_basic, lemuel_zombie_altar_kikubaaqudgha, minmay_parallelograms

Action                     || total
---------------------------++-------
  Melee: Mace              ||   111
   Cast: Necrotise         ||     3
    Use: Scroll            ||     2
   Stab: Sleeping          ||     1
 Armour: Robe              ||     1
         Ring mail         ||    70
         Leather armour    ||     1
  Dodge: Dodged            ||    67

Table legend: (Time is in decaauts)
 A = Elapsed time spent in this place.
 B = Non-inter-level travel time spent in this place.
 C = Inter-level travel time spent in this place.
 D = Time resting spent in this place.
 E = Time spent auto-exploring this place.
 F = Levels seen in this place.
 G = Mean time per level.
                   A        B        C        D        E       F      G
               +--------+--------+--------+--------+--------+-----+--------+
         Total |   1499 |   1403 |     96 |     53 |    870 |   3 |  499.7 |
       Dungeon |   1499 |   1403 |     96 |     53 |    870 |   3 |  499.7 |
               +--------+--------+--------+--------+--------+-----+--------+

Top non-repeatable levels by time:
     D:1: 820 daAuts
     D:2: 596 daAuts
     D:3: 82 daAuts
